 Dungeon Crawl Stone Soup version 0.14-a0-1773-ge500af7 (webtiles) character file.

137 HollowCharge the Charmwright (level 3, 0/30 HPs)
             Began as a Demigod Skald on Jan 7, 2014.
             Slain by a hound (6 damage)
             ... on Level 2 of the Dungeon.
             The game lasted 00:05:26 (1454 turns).

HollowCharge the Charmwright (Demigod Skald)        Turns: 1454, Time: 00:05:26

HP   0/30        AC  3     Str 15      XL: 3   Next: 20%
MP   6/7         EV 11     Int 16      God:
Gold 94          SH  0     Dex 17      Spells:  2 memorised,  2 levels left

rFire  . . .     SeeInvis .     m - +2,+0 short sword (speed)
rCold  . . .     Clarity  .     b - +0 leather armour
rNeg   . . .     Conserve .     (no shield)
rPois  .         rCorr    .     (no helmet)
rElec  .         rRot     .     (no cloak)
SustAb . .       Spirit   .     (no gloves)
rMut   .         Warding  .     (no boots)
Saprov . . .     Stasis   .     (no amulet)
                                (no ring)
                                (no ring)

@: very slightly contaminated, slightly resistant to hostile enchantments,
unstealthy
A: no striking features
a: no special abilities


You were on level 2 of the Dungeon.
You were hungry.

You visited 1 branch of the dungeon, and saw 2 of its levels.

You collected 94 gold pieces.

Inventory:

Hand weapons
 a - a +0,+0 falchion
 m - a +2,+0 short sword of speed (weapon)
Armour
 b - a +0 leather armour (worn)
Comestibles
 d - 3 bread rations
 f - a beef jerky
 o - 10 strawberries
 r - a meat ration
 s - 2 chunks of worm flesh
Scrolls
 e - a scroll of teleportation {unknown}
 h - 2 scrolls of blinking {unknown}
 i - 2 scrolls of magic mapping {unknown}
 k - 2 scrolls of remove curse {unknown}
 l - a scroll of recharging {unknown}
 p - a scroll of identify {unknown}
 t - a scroll of curse jewellery {unknown}
Potions
 j - a potion of speed {unknown}
 n - a potion of confusion {unknown}
 q - a potion of heal wounds {unknown}
Books
 c - a book of Battle

   Spells                             Type                      Level
   *Infusion                          Charms                       1
   *Shroud of Golubria                Charms/Translocation         2
   Song of Slaying                    Charms                       2
   Spectral Weapon                    Hexes/Charms                 3
   Regeneration                       Charms/Necromancy            3
 g - a book of Cantrips

   Spells                             Type                      Level
   Confusing Touch                    Hexes                        1
   Animate Skeleton                   Necromancy                   1
   Summon Small Mammal                Summoning                    1
   Apportation                        Translocation                1


   Skills:
 * Level 2.4 Fighting
 * Level 2.2 Long Blades
 + Level 1.1 Armour
 * Level 1.7 Dodging
 - Level 1.7 Spellcasting
 - Level 2.6 Charms


You had 2 spell levels left.
You knew the following spells:

 Your Spells              Type           Power        Failure   Level  Hunger
a - Infusion              Chrm           ##....       10%         1    ##.....
b - Shroud of Golubria    Chrm/Tloc      #.........   21%         2    ###....


Dungeon Overview and Level Annotations

Branches:
Dungeon (2/16)

Annotations:
D:2 Jessica


Message History

The hound is moderately wounded.
The hound bites you.
* * * LOW HITPOINT WARNING * * *
You hit the hound.
The hound is moderately wounded.
The hound bites you.
* * * LOW HITPOINT WARNING * * *
You barely miss the hound.
The hound is moderately wounded.
The hound barely misses you.
You closely miss the hound.
The hound is moderately wounded.
The hound bites you.
* * * LOW HITPOINT WARNING * * *
You hit the hound.
The hound is severely wounded.
You closely miss the hound.
The hound is severely wounded.
The hound bites you.
You die...

### ##.## ##...##############
#########..#@.##..........#
#......#..###h##(..######.# #.#
#.#...# ..###.######.##
#.###....## %..##...w.....#
#...#....# ._.#...#####..#
#.#.#...## #∩####.## #..#
#####....###### ####...####..#
.......#.# #.# ###..#.....w.#
###.....####.#####.##...####.##


You could see a hound.

Vanquished Creatures
  An adder (D:2)
  A worm (D:2)
  A giant gecko (D:1)
  An ooze (D:2)
  3 bats
  2 giant cockroaches
  2 hobgoblins (D:1)
  6 kobolds
  A quokka (D:2)
  A giant newt (D:1)
  3 goblins (D:2)
  5 rats (D:1)
27 creatures vanquished.

Notes
Turn   | Place    | Note
--------------------------------------------------------------
     0 | D:1      | HollowCharge, the Demigod Skald, began the quest for the Orb.
     0 | D:1      | Reached XP level 1. HP: 17/17 MP: 3/3
    10 | D:1      | Reached skill level 1 in Dodging
    66 | D:1      | Reached XP level 2. HP: 22/24 MP: 4/4
    98 | D:1      | Reached skill level 1 in Armour
   276 | D:1      | You fall through a shaft!
   838 | D:2      | Learned a level 2 spell: Shroud of Golubria
   922 | D:2      | Noticed Jessica
   940 | D:2      | Reached XP level 3. HP: 19/30 MP: 7/7
  1434 | D:2      | Found a burning altar of Makhleb.
  1454 | D:2      | Slain by a hound

Action                   || total
-------------------------++-------
Melee: Falchion          ||    40
       Short sword       ||    88
 Cast: Infusion          ||     1
  Use: Potion            ||     1
